Map: Orbital Shipyard

Players

RepMeaSt (Semper) - Winner!

  • Race: Terran Terran
  • League: Master

Dansible

  • Race: Terran Terran
  • League: Diamond

Event: Lycan League Weekly August #1

VOD

Have the link to the VOD?

Description

Time

  • Played on: Aug. 3, 2015, 12:50 p.m.
  • Length: 13:26

All games in this series

Show
View Real Time Build Order
Export as new Build Order

RepMeaSt Terran - Winner!

Build Orders: Reaper Expand, Bio Tank 

Get SALT Encoding   

  12  0:02  SCV  
  13  0:14  SCV  
  14  0:18  Supply Depot  
  14  0:26  SCV  
  15  0:40  SCV  
  15  0:42  Barracks  
  16  0:46  Refinery  
  16  0:52  SCV  
  17  1:04  SCV  
  18  1:16  SCV  
  19  1:29  Orbital Command  
  19  1:30  Reaper  
  20  1:41  Command Center  
  20  1:52  Supply Depot  
  20  1:54  SCV  
  21  2:01  Marine  
  21  2:07  Factory  
  23  2:08  SCV  
  23  2:20  SCV  
  24  2:23  Barracks Reactor  
  24  2:29  Refinery  
  24  2:32  SCV  
  25  2:44  SCV  
  26  2:54  Orbital Command  
  26  2:56  Hellion  
  26  2:57  SCV  
  29  3:01  Starport, Marine x2  
  31  3:09  SCV  
  31  3:12  Supply Depot  
  32  3:19  Marine x2  
  34  3:21  SCV  
  34  3:23  SCV  
  34  3:25  Factory Tech Lab  
  36  3:33  SCV  
  37  3:35  SCV  
  37  3:37  Supply Depot, Marine x2  
  37  3:39  Viking  
  42  3:45  SCV  
  43  3:49  Siege Tank  
  43  3:51  SCV  
  47  3:57  Supply Depot  
  47  4:01  Marine x2  
  47  4:02  SCV  
  50  4:11  SCV  
  50  4:22  SCV  
  50  4:23  Siege Tank  
  54  4:25  SCV  
  54  4:26  Command Center  
  54  4:29  Viking  
  57  4:34  SCV, Viking  
  57  4:37  SCV  
  61  4:38  Supply Depot  
  61  4:39  Supply Depot  
  61  4:40  Refinery  
  61  4:44  Barracks Tech Lab  
  61  4:46  SCV  
  61  4:49  SCV  
  63  4:58  SCV  
  64  5:02  Siege Tank  
  64  5:03  SCV  
  64  5:06  Refinery  
  68  5:08  Engineering Bay, Marine  
  68  5:10  SCV  
  70  5:15  SCV  
  71  5:22  SCV  
  71  5:24  Viking x2  
  71  5:27  SCV  
  79  5:28  Marauder  
  79  5:35  SCV  
  80  5:36  Liberator  
  80  5:38  Orbital Command  
  80  5:40  SCV  
  80  5:42  Armory  
  81  5:46  Barracks x2  
  81  5:47  SCV, Barracks  
  81  5:49  Liberator  
  82  5:50  Barracks  
  82  5:53  SCV  
  86  5:59  SCV, Orbital Command  
  87  6:08  SCV  
  87  6:11  SCV  
  92  6:17  Marauder  
  94  6:19  Siege Tank  
  94  6:20  SCV  
  94  6:24  SCV  
  99  6:26  Engineering Bay  
  99  6:27  SCV, Refinery, Supply Depot  
  99  6:30  Refinery  
  100  6:33  SCV  
  100  6:35  Barracks Reactor, Barracks Tech Lab  
  100  6:38  Stimpack  
  100  6:39  Barracks Tech Lab  
  101  6:40  Barracks Tech Lab  
  101  6:49  SCV x2, Marauder  
  101  6:52  SCV  
  106  6:56  Siege Tank  
  109  7:06  Supply Depot  
  109  7:07  Supply Depot  
  109  7:08  Terran Infantry Weapons Level 1  
  109  7:27  Marine x3  
  109  7:28  SCV x3, Marauder x3  
  121  7:32  Supply Depot  
  121  7:33  Supply Depot, Combat Shields  
  121  7:34  Supply Depot x2, Concussive Shells  
  121  7:35  Command Center, Siege Tank  
  124  7:40  SCV  
  125  7:53  Marine x2  
  125  7:54  SCV x3, Marauder x2  
  125  7:55  Marauder  
  125  7:57  Marine  
  115  8:06  SCV  
  115  8:11  SCV, Marine x2  
  102  8:15  SCV, Marauder x2, Marine x2  
  102  8:19  SCV  
  106  8:23  SCV  
  106  8:28  SCV  
  106  8:29  Marine x2  
  106  8:31  SCV, Medivac  
  106  8:32  Siege Tank, Medivac  
  106  8:33  Marine, Marauder  
  120  8:35  SCV  
  120  8:37  Marauder x2  
  120  8:40  SCV  
  126  8:42  Terran Infantry Armor Level 1  
  126  8:44  SCV  
  126  8:47  Marine x2  
  129  8:51  Marine  
  129  8:54  Marauder  
  129  8:55  SCV x2  
  134  8:57  Marine  
  134  8:58  Marauder  
  134  8:59  SCV  
  134  9:00  Terran Vehicle Weapons Level 1  
  138  9:04  Marine  
  138  9:07  SCV  
  138  9:08  Supply Depot, SCV, Marine  
  138  9:09  Supply Depot, Marauder  
  144  9:18  Siege Tank, Medivac x2  
  144  9:19  Marine x3  
  144  9:23  SCV x2  
  156  9:25  Planetary Fortress  
  156  9:28  SCV  
  156  9:31  Marauder  
  159  9:38  SCV, Marauder  
  159  9:39  Marauder x2, Marine x2  
  159  9:42  SCV  
  166  9:47  SCV  
  166  9:50  Command Center, SCV, Terran Infantry Weapons Level 2  
  166  9:51  Supply Depot  
  166  9:52  Supply Depot  
  168  10:05  Marine  
  168  10:06  Marauder  
  163  10:10  Marauder, Marine  
  163  10:12  Siege Tank  
  163  10:14  Marine, Medivac x2  
  171  10:15  Marine  
  171  10:16  SCV x2  
  171  10:17  Factory  
  177  10:22  Starport  
  177  10:23  Marine  
  177  10:26  Starport  
  177  10:27  Marauder, Starport, Marine  
  181  10:38  Terran Infantry Armor Level 2  
  127  10:57  Marine x5  
  127  10:58  Marauder  
  127  11:03  Siege Tank  
  121  11:09  SCV x2  
  120  11:11  Viking x5  
  120  11:15  Refinery, Marine x4  
  120  11:16  Refinery, Marauder  
  120  11:17  Command Center  
  136  11:19  Marine  
  137  11:27  Terran Ship Weapons Level 1  
  137  11:29  Barracks  
  137  11:30  Barracks  
  137  11:31  Barracks  
  137  11:32  Marine  
  137  11:33  Marauder x2, Marine  
  137  11:38  Marine  
  137  11:39  Marauder  
  146  11:44  Viking  
  146  11:45  Viking x3  
  154  11:47  SCV  
  154  11:48  SCV  
  154  11:49  SCV  
  154  11:50  Marine  
  154  11:52  Planetary Fortress  
  158  11:55  Marauder  
  158  11:58  Liberator x2  
  158  12:04  Liberator  
  154  12:11  Viking  
  154  12:14  Viking  
  151  12:24  Marine  
  151  12:25  Marauder  
  151  12:29  Barracks Tech Lab x3, Marauder  
  155  12:30  Barracks Reactor  
  155  12:31  Marine  
  155  12:32  SCV x2  
  155  12:33  SCV  
  155  12:34  Refinery x2  
  155  12:35  SCV x2, Orbital Command  
  158  12:41  Marauder x2  
  150  12:44  SCV  
  157  12:52  Siege Tank  
  157  12:54  Marauder, Marine x2  
  157  12:56  SCV  
  165  12:58  SCV  
  165  12:59  SCV  
  165  13:00  Missile Turret  
  165  13:03  Marauder  
Show
View Real Time Build Order
Export as new Build Order

Dansible Terran 

Build Orders: Hellion Opening, Reaper Expand, Mech 

Get SALT Encoding   

  12  0:00  SCV  
  13  0:12  SCV  
  14  0:17  Supply Depot  
  14  0:25  SCV  
  15  0:39  SCV  
  15  0:40  Barracks  
  16  0:45  Refinery  
  16  0:51  SCV  
  17  1:03  SCV  
  18  1:15  SCV  
  19  1:27  Reaper  
  19  1:28  Orbital Command  
  20  1:43  Command Center  
  20  1:54  SCV  
  20  1:58  Supply Depot  
  20  1:59  Barracks Reactor  
  21  2:07  SCV  
  22  2:19  SCV  
  23  2:24  Factory  
  23  2:31  SCV  
  23  2:36  Marine  
  23  2:37  Marine  
  25  2:43  SCV  
  27  2:55  SCV, Orbital Command  
  28  3:02  Refinery  
  28  3:05  Supply Depot  
  28  3:07  SCV  
  28  3:08  Starport  
  29  3:13  Hellion x2  
  29  3:19  SCV  
  34  3:21  SCV  
  35  3:31  SCV  
  35  3:33  SCV  
  37  3:35  Supply Depot, Hellion x2  
  41  3:43  SCV  
  41  3:45  SCV, Viking  
  45  3:54  Barracks Tech Lab  
  45  3:55  SCV  
  45  3:56  Hellion x2  
  45  3:57  SCV  
  51  4:08  SCV  
  51  4:09  SCV  
  53  4:17  Viking  
  55  4:18  Hellion x2  
  55  4:21  SCV x2  
  61  4:29  Factory  
  61  4:30  Refinery x2  
  61  4:31  Factory  
  61  4:33  Supply Depot, SCV  
  62  4:38  Supply Depot  
  62  4:43  Barracks Tech Lab  
  62  4:55  SCV x2, Hellion x2  
  62  4:59  Command Center  
  68  5:06  Supply Depot  
  68  5:07  SCV x2  
  70  5:18  Starport Reactor  
  70  5:20  SCV x2, Hellion x2  
  76  5:30  Siege Tank x2  
  76  5:32  SCV x2, Infernal Pre-Igniter  
  84  5:37  Armory  
  84  5:41  Supply Depot  
  84  5:44  Supply Depot  
  84  5:45  SCV  
  85  5:51  SCV  
  86  6:03  SCV x2, Medivac x2  
  92  6:07  Siege Tank  
  92  6:10  Hellion x3  
  99  6:19  SCV x2  
  99  6:20  Engineering Bay  
  99  6:24  Supply Depot  
  101  6:29  Terran Vehicle Weapons Level 1  
  101  6:31  SCV x2, Siege Tank  
  106  6:33  Hellion x2  
  106  6:36  Refinery  
  110  6:41  Refinery  
  110  6:42  Orbital Command  
  110  6:43  SCV x2  
  115  6:55  SCV x2  
  117  7:04  Missile Turret x2  
  117  7:05  Missile Turret  
  117  7:06  Supply Depot  
  117  7:08  Missile Turret  
  120  7:09  SCV x2, Supply Depot  
  122  7:21  Viking  
  122  7:22  Viking  
  117  7:23  Hellion x11, Widow Mine x4  
  117  7:29  Starport x2, Orbital Command  
  115  7:51  Viking  
  115  7:52  Viking  
  115  7:57  Cyclone, Widow Mine x3  
  119  8:05  SCV x2  
  100  8:08  SCV  
  91  8:17  SCV  
  91  8:18  Viking  
  91  8:19  Viking  
  90  8:21  Viking, Orbital Command  
  90  8:22  Viking  
  90  8:24  Armory  
  90  8:26  Widow Mine  
  88  8:27  SCV  
  89  8:38  Siege Tank x2  
  89  8:40  SCV x2  
  96  8:50  SCV  
  96  8:51  Terran Ship Weapons Level 1  
  96  8:52  SCV x2  
  97  8:59  Hellbat x2  
  97  9:02  SCV  
  102  9:04  SCV  
  102  9:06  Sensor Tower  
  102  9:07  SCV  
  104  9:10  Siege Tank  
  104  9:13  Viking x2  
  104  9:14  SCV  
  104  9:15  Terran Vehicle And Ship Armor Level 1  
  112  9:20  Hellbat x2  
  112  9:21  SCV x2  
  118  9:26  SCV  
  118  9:29  Supply Depot  
  119  9:32  Starport Tech Lab  
  119  9:33  Command Center, Siege Tank  
  122  9:42  Siege Tank  
  125  9:46  SCV x3  
  125  9:47  Viking x2  
  125  9:48  Hellbat x2  
  136  9:56  Missile Turret  
  132  10:00  Missile Turret  
  132  10:01  Missile Turret  
  132  10:02  Missile Turret  
  128  10:09  Siege Tank  
  128  10:10  Hellbat x2  
  128  10:13  Raven  
  128  10:14  Siege Tank, Starport Tech Lab  
  137  10:18  Supply Depot  
  137  10:19  SCV  
  137  10:20  Supply Depot  
  141  10:27  Viking x2  
  145  10:31  Hellbat x2  
  149  10:37  Missile Turret  
  149  10:38  Missile Turret  
  149  10:41  Siege Tank  
  150  10:46  Hellbat  
  150  10:53  Hellbat x2  
  110  11:06  Viking x2  
  110  11:08  Siege Tank  
  117  11:13  Siege Tank  
  117  11:14  Hellbat x2  
  124  11:31  Missile Turret  
  124  11:32  Missile Turret  
  124  11:34  Missile Turret  
  124  11:40  Siege Tank  
  124  11:41  Viking  
  124  11:42  Hellbat x2  
  124  11:45  Siege Tank  
  136  11:49  Sensor Tower  
  136  11:52  Refinery  
  136  11:54  Refinery  
  136  11:58  Factory  
  136  11:59  Missile Turret  
  136  12:04  Hellbat  
  136  12:05  Hellbat  
  129  12:12  Siege Tank  
  122  12:18  Siege Tank  
  117  12:25  Hellbat  
  117  12:26  Hellbat  
  118  12:31  Orbital Command  
  119  12:44  Siege Tank  
  119  12:46  Hellbat  
  119  12:50  Siege Tank  
  124  12:54  SCV x2  
  124  12:55  Sensor Tower  
  126  13:11  Factory Tech Lab  

Tags
 
Add a new tag
Caveats
  • Supply blocks, unpowered buildings, or Contaminate may cause inaccurate times.
  • Supply counts are checked every 10 seconds.